 Dungeon Crawl Stone Soup version 0.29.1-12-g30fa7ad0bf (webtiles) character file.

Game seed: 13822410733100260094

111 DildoBatman the Conjurer (level 5, -4/38 HPs)
             Began as a Formicid Conjurer on Dec 16, 2022.
             Splashed by a jelly's acid (7 damage)
             ... on level 4 of the Dungeon.
             The game lasted 00:05:28 (1867 turns).

DildoBatman the Conjurer (Formicid Conjurer)        Turns: 1867, Time: 00:05:29

Health: -4/38      AC: -4    Str: 11    XL:     5   Next: 15%
Magic:  3/9        EV: 12    Int: 20    God:
Gold:   119        SH:  0    Dex: 12    Spells: 7/10 levels left

rFire   . . .      SeeInvis +   b - +2 mace (protect)
rCold   . . .      Faith    .   (no shield)
rNeg    . . .      Spirit   .   l - +0 robe
rPois   .          Reflect  .   (helmet unavailable)
rElec   .          Harm     .   (no cloak)
rCorr   .          Rampage  .   o - +0 pair of gloves
Will    .....                   (no boots)
Stlth   ++........              (no amulet)
HPRegen 0.12/turn               e - ring of flight
MPRegen 0.11/turn               (no ring)

@: corroded, flying
A: permanent stasis, dig shafts and tunnels, antennae 3, four strong arms
a: Dig, Shaft Self


You were on level 4 of the Dungeon.
You visited 1 branch of the dungeon, and saw 4 of its levels.

You collected 191 gold pieces.
You spent 72 gold pieces at shops.

Inventory:

Hand Weapons
 a - a +0 sling
 b - a +2 mace of protection (weapon)
 d - the +8 whip "Eriati Vysm" {antimagic, rC+ rN+ Str+2 Int-2}
   (You found it on level 3 of the Dungeon)

   It reduces the magical energy of the wielder, and disrupts the spells and
   magical abilities of those it strikes.
   Natural abilities and divine invocations are not affected.
   Str:       It affects your strength (+2).
   Int:       It affects your intelligence (-2).
   rC:        It protects you from cold.
   rN:        It protects you from negative energy.
Missiles
 c - 46 stones
Armour
 l - a +0 robe (worn)
 o - a +0 pair of gloves (worn)
Jewellery
 e - a ring of flight (left hand)
 i - a ring of ice
Scrolls
 f - a scroll of enchant armour {unknown}
 h - a scroll of immolation {unknown}
 p - a scroll of silence
 q - 2 scrolls of poison
 u - a scroll of enchant weapon {unknown}
Potions
 g - 5 potions of curing {unknown}
 j - a potion of attraction {unknown}
 m - a potion of mutation {unknown}
 r - 2 potions of brilliance
 s - a potion of lignification {unknown}
 t - a potion of magic


   Skills:
 * Level 2.0 Fighting
 * Level 2.0 Armour
 - Level 2.0 Dodging
 - Level 2.4 Stealth
 * Level 3.1 Spellcasting
 * Level 4.2 Conjurations


You had 7 spell levels left.
You knew the following spells:

 Your Spells              Type           Power      Damage    Failure   Level
a - Searing Ray           Conj           38%        2d5       3%          2
c - Magic Dart            Conj           76%        1d6       2%          1

Your spell library contained the following spells:

 Spells                   Type           Power      Damage    Failure   Level
 Dazzling Flash           Conj/Hex       22%        N/A       19%         3
 Ensorcelled Hibernation  Hex/Ice        6%         N/A       22%         2
 Passwall                 Tmut/Erth      2%         N/A       22%         2
 Fulminant Prism          Conj/Hex       5%         3d7       52%         4
 Iskenderun's Mystic Bla  Conj/Tloc      11%        2d4       52%         4
 Swiftness                Air            Unusable   N/A       N/A         3

Dungeon Overview and Level Annotations

Branches:
Dungeon (4/15)
 Temple: D:4-7

Altars:
The Shining One

Shops:
D:3 *


Innate Abilities, Weirdness & Mutations

You cannot be hasted, slowed, berserked, paralysed or teleported.
You can dig through walls and to a lower floor.
You have a pair of large antennae on your head. (SInv)
Your four strong arms can wield two-handed weapons with a shield.


Message History

The searing ray misses the white imp. (Press . to maintain the ray.)
The jelly barely misses you.
The searing ray hits the jelly!
The jelly is almost dead.
The searing ray hits the white imp!
The white imp is severely wounded.
The jelly hits you. The acid corrodes you!
You are splashed with acid!
The searing ray hits the white imp!
You kill the white imp!
The jelly hits you. The acid corrodes you!
You are splashed with acid!
You barely miss the jelly.
The jelly is almost dead.
The jelly hits you. The acid corrodes you!
You are splashed with acid!
The jelly hits you.
You are splashed with acid.
Casting: Searing Ray (safe; 3% risk of failure)
Confirm with . or Enter, or press ? or * to list all spells.
Aiming: Magic Dart (safe; 2% risk of failure)
Press: ? - help, Shift-Dir - straight line, f - jelly
Aim: a jelly (severely wounded, 100% to hit)
The magic dart hits the jelly.
The jelly is almost dead.
The jelly closely misses you.
Casting: Magic Dart (safe; 2% risk of failure)
Confirm with . or Enter, or press ? or * to list all spells.
Aiming: Magic Dart (safe; 2% risk of failure)
Press: ? - help, Shift-Dir - straight line, f/p - jelly
Aim: a jelly (almost dead, 100% to hit)
The magic dart hits the jelly.
The jelly is almost dead.
The jelly hits you.
You are splashed with acid!
You die...

.................#
.............>...#
.................#
..........<......#
###...#######..###
#....# #..## . #....##
#...## P..
#.....#######..##....♣
#.............@J......
#......######...####..
#....#..# ##....
##...##.######.##.).
##..##..)...#..###...
##....##......####.#
#.##.##............
#.##..#.....##
#...#.....#.#######.
.. ..#


You could see a jelly.

Vanquished Creatures
  2 adders
  2 white imps
  2 dart slugs (D:1)
  2 orcs (D:3)
  5 ball pythons
  7 bats
  7 endoplasms
  3 giant cockroaches
  7 hobgoblins
  8 jackals
  5 kobolds
  A frilled lizard (D:2)
  3 goblins (D:3)
  A goblin skeleton (D:3)
  A goblin zombie (D:3)
  2 hobgoblin zombies (D:3)
  A kobold skeleton (D:3)
  2 kobold zombies (D:3)
  An orc skeleton (D:3)
  6 rats
68 creatures vanquished.

Vanquished Creatures (others)
  A plant (D:3)
  2 withered plants (D:2)
3 creatures vanquished.

Grand Total: 71 creatures vanquished

Notes
Turn   | Place    | Note
-------+----------+-------------------------------------------
     0 | D:1      | DildoBatman the Formicid Conjurer began the quest for the
                  | Orb.
     0 | D:1      | Reached XP level 1. HP: 13/13 MP: 3/3
   235 | D:1      | Reached XP level 2. HP: 20/20 MP: 0/5
   238 | D:1      | Learned a level 2 spell: Searing Ray
   481 | D:1      | Reached skill level 1 in Fighting
   497 | D:1      | Reached skill level 1 in Armour
   497 | D:1      | Reached XP level 3. HP: 25/26 MP: 0/6
   895 | D:2      | Reached XP level 4. HP: 31/32 MP: 4/8
   997 | D:2      | Reached skill level 4 in Conjurations
  1084 | D:2      | Found a faded altar of an unknown god.
  1543 | D:3      | Identified the +8 whip "Eriati Vysm" {antimagic, rC+ rN+
                  | Str+2 Int-2}
  1555 | D:3      | Found Ecawuus's Assorted Antiques.
  1584 | D:3      | Bought a scroll labelled TEVVIY EHAKE ANG for 18 gold
                  | pieces
  1584 | D:3      | Bought 3 scrolls labelled MUATHI JIKAU for 54 gold pieces
  1606 | D:3      | Found a glowing golden altar of the Shining One.
  1620 | D:3      | Reached XP level 5. HP: 15/38 MP: 4/9
  1867 | D:4      | Splashed by a jelly's acid

Illustrated notes

Levels and vault maps discovered:
D:1:      ncdulo_lavacross, layout_loops_ring, serial_park_tiny_2
D:2:      layout_rooms, ebering_ecumenical_altar_petrified
D:3:      layout_basic, nicolae_tso_besieged_by_evil, serial_shops,
          nicolae_shop_overgrown_old_shop, moated_statue, chequers_big_river
D:4:      layout_rooms, nicolae_ashenzari_panopticon, serial_demonic,
          serial_demonic_a, serial_demonic_e, serial_demonic_c,
          serial_demonic_c, serial_demonic_g, serial_demonic_d,
          serial_bayou_pond_d, guppyfry_shop_venom

Skill      XL: |  1  2  3  4  5 |
---------------+----------------+-----
Dodging        | 2 |  2.0
Fighting       | 1 2 |  2.0
Armour         | 1 2 |  2.0
Conjurations   | 4 |  4.2
Spellcasting   | 3 |  3.1
Stealth        | |  2.4

Action                   |  1- 3 |  4- 6 || total
-------------------------+-------+-------++-------
Melee: Unarmed           |     1 |       ||     1
       Club              |    14 |       ||    14
       Mace              |    17 |    61 ||    78
 Fire: Sling             |       |     1 ||     1
 Cast: Magic Dart        |    27 |    10 ||    37
       Searing Ray       |     3 |     4 ||     7
  Use: Scroll            |       |     6 ||     6
 Stab: Sleeping          |     1 |     2 ||     3
Armor: Robe              |     8 |    25 ||    33
Dodge: Dodged            |    32 |    44 ||    76
